 Dungeon Crawl Stone Soup version 0.23.0 (webtiles) character file.

Game seed: 3322210621391642376

294 Monsterracer the Chopper (level 6, -3/38 HPs)
             Began as a Gargoyle Fighter on Feb 8, 2019.
             Slain by an ogre
             ... wielding a +0 giant club
              (25 damage)
             ... on level 4 of the Dungeon.
             The game lasted 00:02:55 (3802 turns).

Monsterracer the Chopper (Gargoyle Fighter)         Turns: 3802, Time: 00:02:56

Health: -3/38      AC: 13    Str: 22    XL:     6   Next: 33%
Magic:  6/6        EV:  7    Int:  8    God:
Gold:   138        SH:  9    Dex:  9    Spells: 5/5 levels left

rFire    . . .     SeeInvis .   a - +0 war axe
rCold    . . .     Gourm    .   f - +0 shield
rNeg     + . .     Faith    .   b - +0 scale mail
rPois    ∞         Spirit   .   q - +1 helmet
rElec    +         Reflect  .   (no cloak)
rCorr    .         Harm     .   (no gloves)
MR       .....                  (no boots)
Stlth    ..........             (no amulet)
HPRegen  0.12/turn              (no ring)
MPRegen  0.10/turn              (no ring)

@: no status effects
A: negative energy resistance 1, electricity resistance, unbreathing,
petrification resistance, rot immunity, AC +4
a: no special abilities


You were on level 4 of the Dungeon.
You were not hungry.

You visited 1 branch of the dungeon, and saw 4 of its levels.

You collected 138 gold pieces.

Inventory:

Hand Weapons
 a - a +0 war axe (weapon)
Armour
 b - a +0 scale mail (worn)
 f - a +0 shield (worn)
 q - a +1 helmet (worn)
Scrolls
 e - 3 scrolls of remove curse {unknown}
 g - a scroll of fog {unknown}
 h - a scroll of random uselessness {unknown}
 m - 2 scrolls of teleportation {unknown}
 n - 3 scrolls of amnesia {unknown}
 o - a scroll of blinking {unknown}
 p - 3 scrolls of identify {unknown}
Potions
 d - 4 potions of might
 i - a potion of haste {unknown}
 k - a potion of ambrosia {unknown}
 l - a potion of agility {unknown}
 r - 2 potions of curing {unknown}
 s - a potion of cancellation {unknown}
 w - 4 potions of heal wounds
Comestibles
 c - 10 rations
 j - 2 chunks of flesh


   Skills:
 + Level 3.7 Fighting
 * Level 5.4 Axes
 + Level 3.6 Armour
 + Level 3.6 Shields


You had 5 spell levels left.
You didn't know any spells.
Your spell library was empty.

Dungeon Overview and Level Annotations

Branches:
Dungeon (4/15)
 Temple: D:4-7

Altars:
Ashenzari
Fedhas
Gozag
Makhleb
Qazlal
Ru
Sif Muna
Yredelemnul


Innate Abilities, Weirdness & Mutations

You are resistant to torment.
Your stone body is resilient. (AC +4)
You are immune to poison.
You resist negative energy. (rN+)
You are resistant to electric shocks. (rElec)
You can survive without breathing.
You are immune to petrification.
You are immune to rotting.


Message History

You hit the orc priest.
The orc priest is heavily wounded.
The orc priest hits you but does no damage.
You barely miss the orc priest.
The orc priest is heavily wounded.
The orc priest hits you but does no damage.
You slash the orc!
You kill the orc!
The orc priest invokes the aid of Beogh against you.
Beogh smites you!
You take 15 damage, and have 22/37 hp.
MASSIVE DAMAGE!!
You are too injured to fight recklessly!
The orc priest looks braver for a moment.
Found a ration.
You see here a +0 hand axe.
You are too injured to fight recklessly!
You closely miss the orc priest.
The orc priest is heavily wounded.
You block the orc priest's attack.
You are too injured to fight recklessly!
Your shield and scale mail prevent you from hitting the orc priest.
The orc priest is heavily wounded.
The orc priest hits you but does no damage.
You block the orc priest's attack.
You barely miss the orc priest.
The orc priest is heavily wounded.
The orc priest hits you but does no damage.
You hit the orc priest but do no damage.
The orc priest is heavily wounded.
You block the orc priest's attack.
You hit the orc priest.
The orc priest is severely wounded.
The orc priest hits you but does no damage.
You block the orc priest's attack.
You closely miss the orc priest.
The orc priest is severely wounded.
The orc priest closely misses you.
You closely miss the orc priest.
The orc priest is severely wounded.
The orc priest miscasts a cantrip.
You closely miss the orc priest.
The orc priest is severely wounded.
You block the orc priest's attack.
The orc priest begins to cast a cantrip, but forgets the words!
You closely miss the orc priest.
The orc priest is severely wounded.
You block the orc priest's attack.
You barely miss the orc priest.
The orc priest is severely wounded.
The orc priest hits you but does no damage.
You are feeling hungry.
You slash the orc priest!
You kill the orc priest!
You hit the orc.
The orc is severely wounded.
The orc hits you with a +0 flail.
You take 1 damage, and have 24/38 hp.
You hit the orc.
You kill the orc!
Items here: )) [ † a +0 flail; a +0 ring mail; a +0 dagger; an orc corpse
Items here: )) [ † a +0 flail; a +0 ring mail; a +0 dagger; an orc corpse You butcher the orc corpse.
j - 3 chunks of flesh
Items here: )) [ ÷ a +0 flail; a +0 ring mail; a +0 dagger; an orc skeleton Eating one of 3 chunks of flesh.
You eat one of the 3 chunks of flesh.
This raw flesh tastes terrible.
c - 10 rations (gained 1) Key pressed, stopping explore.
Items here: )) [ ÷ a +0 flail; a +0 ring mail; a +0 dagger; an orc skeleton You see here a +0 hand axe.
A frilled lizard comes into view.
The frilled lizard hisses angrily.
Health restored: 38 A frilled lizard is nearby!
A frilled lizard is nearby!
The frilled lizard barely misses you.
You hit the frilled lizard.
You kill the frilled lizard!
The ogre is too close now for your liking.
An ogre is nearby!
You hit the ogre.
The ogre is lightly wounded.
The ogre hits you with a +0 giant club!
You take 12 damage, and have 26/38 hp.
MASSIVE DAMAGE!!
An ogre is nearby!
You are too injured to fight recklessly!
You are too injured to fight recklessly!
You slash the ogre!
The ogre is moderately wounded.
The ogre hits you with a +0 giant club.
You take 4 damage, and have 22/38 hp.
You barely miss the ogre.
The ogre is moderately wounded.
The ogre hits you with a +0 giant club!!
Ouch! That really hurt!
You die...

#..# ###†#.##### #..........
#..#####.........# #.#.#.#####
#..........#.###.# #S#.#.#
...#####.###)###(# ##.#.#.#
....## #.###.....# #....#.#
.....###.##.###..# #..#.#.#
......##.#...##..#####......###
......'.......................+
......##........@.####.#...####
..<..######.#.#.#O# #.##.##
....## ###.#.#.# #.#### >..##
#.#.#.# ##.# #'## #...#.# #..#
#.# #.###.# #.>### #.########
#.# #.# #....# #(.......#
#.###.# #.'#### ...#####.#
#.....# #.#...#


You could see an ogre.

Vanquished Creatures
  An orc priest (D:4)
  2 hounds
  An orc wizard (D:4)
  An iguana (D:4)
  3 adders (D:3)
  An ooze (D:3)
  2 worms
  4 dart slugs
  4 leopard geckos
  12 orcs
  A ball python (D:3)
  9 giant cockroaches
  10 goblins
  5 hobgoblins
  2 jackals (D:1)
  A quokka (D:2)
  10 bats
  5 frilled lizards
  4 kobolds
  12 rats
90 creatures vanquished.

Notes
Turn   | Place    | Note
-------+----------+-------------------------------------------
     0 | D:1      | Monsterracer the Gargoyle Fighter began the quest for the
                  | Orb.
     0 | D:1      | Reached XP level 1. HP: 14/14 MP: 1/1
    65 | D:1      | Reached skill level 2 in Axes
   406 | D:1      | Reached XP level 2. HP: 19/19 MP: 2/2
   850 | D:1      | Reached skill level 3 in Axes
   970 | D:1      | Reached XP level 3. HP: 22/23 MP: 3/3
  1191 | D:2      | Found a deep blue altar of Sif Muna.
  1295 | D:2      | Found a basalt altar of Yredelemnul.
  1877 | D:3      | Found a stormy altar of Qazlal.
  1877 | D:3      | Found a blossoming altar of Fedhas.
  1915 | D:3      | Reached XP level 4. HP: 18/28 MP: 4/4
  2071 | D:3      | Reached skill level 4 in Axes
  2089 | D:3      | Found a shattered altar of Ashenzari.
  2235 | D:3      | Reached XP level 5. HP: 24/32 MP: 5/5
  2668 | D:3      | Found an opulent altar of Gozag.
  2989 | D:4      | Found a burning altar of Makhleb.
  3035 | D:4      | Found a sacrificial altar of Ru.
  3038 | D:4      | Noticed an ogre
  3043 | D:4      | HP: 6/32 [ogre/+0 giant club (26)]
  3066 | D:4      | HP: 7/32 [adder (2)]
  3068 | D:3      | Reached skill level 5 in Axes
  3442 | D:4      | Reached XP level 6. HP: 35/37 MP: 6/6
  3485 | D:4      | HP: 16/37 [something (3)]
  3488 | D:4      | HP: 5/37 [something/puff of flame (5)]
  3802 | D:4      | Slain by an ogre

Skill      XL: |  1  2  3  4  5 |
---------------+----------------+-----
Axes           | 2 3 4 5 |  5.4
Fighting       | |  3.7
Armour         | |  3.6
Shields        | |  3.6

Action                   |  1- 3 |  4- 6 || total
-------------------------+-------+-------++-------
Melee: War axe           |   164 |   206 ||   370
  Use: Potion            |       |     1 ||     1
 Stab: Paralysed         |       |     1 ||     1
  Eat: Chunk             |     3 |     7 ||    10
Armor: Scale mail        |    88 |   107 ||   195
Dodge: Dodged            |    72 |    61 ||   133
Block: Shield            |    92 |   106 ||   198

Levels and vault maps discovered:
D:1:      wander_arrival_abandoned_jail, layout_loops_corners, st_stairs_11
D:2:      layout_basic, overflow_temple_1_default, yredelemnul_altar_generic
D:3:      layout_basic, grunt_temple_overflow_forces_of_nature,
          old_standard_altar, serial_forest, infiniplex_forest_split,
          infiniplex_forest_zigzag_1, infiniplex_forest_zigzag_1,
          infiniplex_forest_clump_small, infiniplex_forest_corner_1,
          infiniplex_forest_straight_1, infiniplex_forest_end_3, first_ration,
          corexii_leaking_fountain,
          nicolae_gozag_cash_rules_everything_around_me
D:4:      layout_loops_corners, lemuel_crystal_altar,
          nicolae_ru_great_annihilating_truth, uniq_eustachio, uniq_ijyb
